 Dungeon Crawl Stone Soup version 0.28.0 (webtiles) character file.

Game seed: 6055119088138347258

151 freelancePsychic the Cutter (level 5, -1/33 HPs)
             Began as a Kobold Warper on Feb 7, 2022.
             Slain by an ice beast (7 damage)
             ... on level 5 of the Dungeon.
             The game lasted 00:04:47 (4223 turns).

freelancePsychic the Cutter (Kobold Warper)         Turns: 4223, Time: 00:04:48

Health: -1/33      AC:  3    Str:  9    XL:     5   Next: 59%
Magic:  4/8        EV: 14    Int: 16    God:
Gold:   119        SH:  0    Dex: 14    Spells: 6/8 levels left

rFire   . . .      SeeInvis .   a - +0 dagger (speed)
rCold   . . .      Faith    .   (no shield)
rNeg    . . .      Spirit   .   b - +0 leather armour
rPois   .          Reflect  .   (no helmet)
rElec   .          Harm     .   (no cloak)
rCorr   .          Rampage  .   (no gloves)
Will    .....                   (no boots)
Stlth   +++.......              (no amulet)
HPRegen 0.11/turn               (no ring)
MPRegen 0.11/turn               (no ring)

@: very slightly contaminated
A: small, no large weapons, nightstalker 3
a: no special abilities


You were on level 5 of the Dungeon.
You visited 1 branch of the dungeon, and saw 7 of its levels.

You collected 119 gold pieces.

Inventory:

Hand Weapons
 a - a +0 dagger of speed (weapon)
Armour
 b - a +0 leather armour (worn)
Magical Staves
 p - a staff of conjuration
Jewellery
 j - a +6 ring of strength
Scrolls
 c - a scroll of blinking
 f - a scroll of vulnerability {unknown}
 i - 2 scrolls of identify {unknown}
 m - a scroll of fear {unknown}
 n - a scroll of fog
 o - a scroll of torment {unknown}
 q - a scroll of magic mapping {unknown}
Potions
 d - a potion of might {unknown}
 e - a potion of curing {unknown}
 g - a potion of flight
 k - 2 potions of magic {unknown}
 l - 3 potions of heal wounds {unknown}


   Skills:
 + Level 3.8 Fighting
 + Level 4.6 Short Blades
 - Level 1.1 Throwing
 - Level 0.7 Armour
 - Level 2.4 Dodging
 + Level 3.8 Stealth
 - Level 2.1 Spellcasting
 - Level 3.0 Translocations


You had 6 spell levels left.
You knew the following spells:

 Your Spells              Type           Power      Damage    Failure   Level
a - Blink                 Tloc           22%        N/A       12%         2

Your spell library contained the following spells:

 Spells                   Type           Power      Damage    Failure   Level
 Apportation              Tloc           22%        N/A       9%          1
 Gell's Gravitas          Tloc           11%        N/A       24%         3
 Lesser Beckoning         Tloc           11%        N/A       24%         3
 Teleport Other           Tloc           11%        N/A       24%         3
 Ignite Poison            Fire/Tmut/Pois 1%         N/A       63%         3
 Mephitic Cloud           Conj/Pois/Air  1%         N/A       63%         3
 Manifold Assault         Tloc           11%        N/A       92%         5
 Alistair's Intoxication  Tmut/Pois      0%         N/A       100%        5
 Freezing Cloud           Conj/Ice/Air   0%         6-21      100%        5


Dungeon Overview and Level Annotations

Branches:
Dungeon (7/15)
 Temple: D:4-7

Altars:
Ru

Shops:
D:1 (

Annotations:
D:2 Natasha, Sigmund
D:3 1 runed translucent door, Crazy Yiuf


Innate Abilities, Weirdness & Mutations

You are small and have problems with some larger weapons.
You are completely attuned to the shadows.


Message History

You impale the bat!!
You kill the bat!
You open the door.
There is an open door here.
Found a quarterstaff.
You see here a +0 quarterstaff.
An ice beast comes into view.
An ice beast is nearby!
Throw: 3 boomerangs (disperse)
Press: ? - help, Q - select action, (/) - cycle Shift-Dir - straight line, f - ice beast
Aim: an ice beast (59% to hit)
You throw a boomerang of dispersal.
The boomerang of dispersal closely misses the ice beast.
The ice beast hits you but does no damage.
The ice beast hits you. The ice beast freezes you!
Throw: 2 boomerangs (disperse)
Press: ? - help, Q - select action, (/) - cycle Shift-Dir - straight line, f/p - ice beast
Aim: an ice beast (59% to hit)
You throw a boomerang of dispersal.
The boomerang of dispersal closely misses the ice beast.
The ice beast misses you.
Throw: boomerang (disperse)
Press: ? - help, Q - select action, (/) - cycle Shift-Dir - straight line, f/p - ice beast
Aim: an ice beast (59% to hit)
You throw a boomerang of dispersal.
The boomerang of dispersal barely misses the ice beast.
The ice beast hits you. The ice beast freezes you!
* * * LOW HITPOINT WARNING * * *
Casting: Blink (safe; 12% risk of failure)
Confirm with . or Enter, or press ? or * to list all spells.
You miscast Blink.
You are very lightly contaminated with residual magic.
Nothing appears to happen.
The ice beast hits you but does no damage.
Casting: Blink (safe; 12% risk of failure)
Confirm with . or Enter, or press ? or * to list all spells.
You miscast Blink.
Nothing appears to happen.
The ice beast hits you.
* * * LOW HITPOINT WARNING * * *
The ice beast freezes you!
You die...

#.......### #.# #.#
#...#...#.# #.# #.#
#...#...#.# #.# #.#
+#######'.# #.#####.#
#.....# #.#.....#
#.#.#.#######.#.#####
#.#...........#.#
#.#############.#
#...Y@......)...#
#.############### ##


You could see an ice beast.

Vanquished Creatures
  A howler monkey (D:3)
  A centaur skeleton (D:3)
  An ufetubus (D:6)
  4 dart slugs
  An orc (D:3)
  4 ball pythons
  5 endoplasms
  5 giant cockroaches
  8 goblins
  5 hobgoblins
  3 quokkas
  7 bats
  6 frilled lizards
  7 kobolds
  7 rats
65 creatures vanquished.

Vanquished Creatures (others)
  A fungus (D:3)
1 creature vanquished.

Grand Total: 66 creatures vanquished

Notes
Turn   | Place    | Note
-------+----------+-------------------------------------------
     0 | D:1      | freelancePsychic the Kobold Warper began the quest for the
                  | Orb.
     0 | D:1      | Reached XP level 1. HP: 12/12 MP: 3/3
    23 | D:1      | Found Quefoafo's Weapon Shop.
   174 | D:1      | Reached skill level 1 in Stealth
   197 | D:1      | Reached skill level 3 in Short Blades
   197 | D:1      | Reached XP level 2. HP: 10/18 MP: 5/5
   702 | D:1      | Reached XP level 3. HP: 20/22 MP: 6/6
   711 | D:1      | Learned a level 2 spell: Blink
   818 | D:1      | Found a faded altar of an unknown god.
  1680 | D:2      | Noticed Natasha
  1689 | D:2      | Noticed Sigmund
  1840 | D:3      | Reached skill level 4 in Short Blades
  1840 | D:3      | Reached XP level 4. HP: 12/28 MP: 7/7
  2169 | D:3      | Found a runed translucent door.
  2172 | D:3      | Noticed Crazy Yiuf
  2749 | D:3      | Reached XP level 5. HP: 23/32 MP: 8/8
  3636 | D:4      | You fall into a shaft and drop 3 floors!
  4007 | D:5      | Entered Level 5 of the Dungeon
  4127 | D:5      | Found a sacrificial altar of Ru.
  4215 | D:5      | Noticed an ice beast
  4223 | D:5      | Slain by an ice beast

Illustrated notes

Levels and vault maps discovered:
D:1:      dpeg_arrival_fog, layout_basic, serial_shops, nicolae_diamond_shop,
          chequers_ecumenical_altar_grove, nrook_uturn, grunt_decor_cap
D:2:      layout_loops_ring, serial_shops, nicolae_shop_behind_doors,
          uniq_natasha, uniq_sigmund
D:3:      layout_loops_ring, uniq_crazy_yiuf_cottage
D:4:      layout_loops_corners
D:5:      layout_basic, nicolae_ru_great_annihilating_truth,
          minmay_temple_entry_stoned_glass, nicolae_take_the_stairs
D:6:      layout_basic, nicolae_overflow_quartered_altars, st_stairs_9
D:7:      layout_basic

Skill      XL: |  1  2  3 |
---------------+----------+-----
Stealth        | 1 3 |  3.8
Short Blades   | 3 4 |  4.6
Fighting       | 3 |  3.8
Throwing       | |  1.1
Armour         | |  0.7
Dodging        | |  2.4
Spellcasting   | |  2.1
Translocations | |  3.0

Action                   |  1- 3 |  4- 6 || total
-------------------------+-------+-------++-------
Melee: Short sword       |   113 |     7 ||   120
       Punch             |     4 |     3 ||     7
       Dagger            |       |   150 ||   150
Throw: Boomerang         |     5 |     3 ||     8
  Use: Scroll            |     3 |       ||     3
       Potion            |     1 |       ||     1
 Stab: Sleeping          |    18 |     7 ||    25
       Distracted        |       |     1 ||     1
Armor: Leather armour    |    19 |    26 ||    45
Dodge: Dodged            |    79 |    77 ||   156
